 Dungeon Crawl Stone Soup version 0.30-a0-989-g0d87f670db (webtiles) character file.

Game seed: 17896146339648887554

511 cforsyth the Cudgeller (level 7, -6/57 HPs)
             Began as a Formicid Fighter on Apr 3, 2023.
             Mangled by a wight
             ... wielding a +0 dire flail
              (9 damage)
             ... on level 4 of the Dungeon.
             The game lasted 00:04:38 (2418 turns).

cforsyth the Cudgeller (Formicid Fighter)           Turns: 2418, Time: 00:04:38

Health: -6/57      AC:  6    Str: 22    XL:     7   Next: 43%
Magic:  7/7        EV:  9    Int:  8    God:
Gold:   275        SH:  6    Dex: 19    Spells: 6/6 levels left

rFire   . . .      SeeInvis +    a - +0 flail
rCold   + . .      Faith    .    c - +0 buckler
rNeg    . . .      Spirit   .    b - +0 scale mail
rPois   .          Reflect  .    (helmet unavailable)
rElec   .          Rampage  .    (no cloak)
rCorr   .                        (no gloves)
Will    .....                    (no boots) Stlth
                                 (no amulet)
HPRegen 0.29/turn                s - ring of protection from cold
MPRegen 0.10/turn                y - +6 ring of dexterity

@: mighty, brilliant
A: permanent stasis, dig shafts and tunnels, antennae 3, four strong arms
a: Dig, Shaft Self


You were on level 4 of the Dungeon.
You visited 1 branch of the dungeon, and saw 6 of its levels.

You collected 275 gold pieces.

Inventory:

Hand Weapons
 a - a +0 flail (weapon)
Armour
 b - a +0 scale mail (worn)
 c - a +0 buckler (worn)
Jewellery
 s - a ring of protection from cold (left hand)
 y - a +6 ring of dexterity (right hand)
Scrolls
 e - 2 scrolls of immolation {unknown}
 f - 2 scrolls of summoning {unknown}
 g - 4 scrolls of identify {unknown}
 i - 2 scrolls of magic mapping {unknown}
 k - 3 scrolls of teleportation {unknown}
 l - a scroll of fog {unknown}
 n - a scroll of poison {unknown}
 q - a scroll of silence {unknown}
 t - a scroll of enchant armour {unknown}
 u - a scroll of vulnerability {unknown}
 v - a scroll of torment {unknown}
Potions
 h - a potion of attraction {unknown}
 j - a potion of curing {unknown}
 m - a potion of heal wounds {unknown}
 o - a potion of resistance {unknown}
 p - a potion of cancellation {unknown}
 r - a potion of flight {unknown}
 w - a potion of ambrosia {unknown}
 x - 2 potions of brilliance
 z - a potion of mutation {unknown}
 A - a potion of berserk rage {unknown}


   Skills:
 + Level 5.6 Fighting
 * Level 6.3 Maces & Flails
 - Level 3.2 Armour
 - Level 4.0 Shields


You had 6 spell levels left.
You didn't know any spells.
Your spell library contained the following spells:

 Spells                   Type           Power      Damage    Failure   Level
 Summon Small Mammal      Summ           0%         N/A       80%         1
 Call Canine Familiar     Summ           0%         N/A       99%         3
 Summon Guardian Golem    Hex/Summ       0%         N/A       99%         3


Dungeon Overview and Level Annotations

Branches:
Dungeon (6/15)
 Temple: D:4-7

Altars:

Annotations:
D:4 Grinder


Innate Abilities, Weirdness & Mutations

You cannot be hasted, slowed, berserked, paralysed or teleported.
You can dig through walls and to a lower floor.
You have a pair of large antennae on your head. (SInv)
Your four strong arms can wield two-handed weapons with a shield.


Message History

Grinder is moderately wounded.
Grinder closely misses you. The jelly hits you but does no damage.
You closely miss Grinder.
Grinder is moderately wounded.
Grinder hits you.
You writhe in agony.
You block the jelly's attack.
You closely miss Grinder.
Grinder is moderately wounded.
Grinder hits you. The jelly closely misses you.
The wight hits you with a +0 dire flail!
You sock Grinder!
Grinder is severely wounded.
Grinder closely misses you. You block the kobold's attack.
The wight closely misses you. The jelly hits you but does no damage.
The wight attacks as you move away!
The wight hits you with a +0 dire flail!
The jelly attacks as you move away! The jelly hits you but does no damage.
The kobold attacks as you move away! The kobold hits you but does no damage.
Grinder attacks as you move away! You block Grinder's attack.
Grinder gestures at you.
Your stasis prevents you from being paralysed.
Grinder blinks!
It was a potion of brilliance.
You feel clever all of a sudden. The kobold hits you with a +0 whip.
You feel very mighty all of a sudden. You block the kobold's attack.
You completely miss the kobold.
Grinder blinks!
The kobold barely misses you.
You closely miss the kobold.
Grinder blinks!
You block the kobold's attack.
You barely miss the kobold. The kobold hits you with a +0 whip.
You barely miss the kobold. The kobold hits you with a +0 whip.
You thump the kobold!
You kill the kobold!
You barely miss the wight.
The wight hits you with a +0 dire flail!
* * * LOW HITPOINT WARNING * * *
The wight hits you with a +0 dire flail!
* * * LOW HITPOINT WARNING * * *
You hit the wight but do no damage.
The wight hits you with a +0 dire flail!
You die...

#.##.....#
##>##.....# #
#...).....# ..
#...#.....# ...
#...#.....# ....
##'##.5...#.....
#..Jz.z.).....$
###z###.z......
#@# #........
#..##z..#####
##.##...#
.##...# ......#
......# .......
....


You could see Grinder, a jelly and 2 wights.

Vanquished Creatures
  An ice beast (D:6)
  2 scorpions (D:6)
  2 howler monkeys (D:6)
  3 hounds (D:6)
  Terence (D:2)
  A gnoll (D:1)
  2 adders (D:2)
  A white imp (D:6)
  An ufetubus (D:6)
  3 dart slugs
  An orc (D:4)
  7 endoplasms
  2 giant cockroaches
  9 goblins
  6 hobgoblins
  5 kobolds
  3 quokkas
  3 ball pythons
  6 bats
  4 frilled lizards
  9 rats
72 creatures vanquished.

Notes
Turn   | Place    | Note
-------+----------+-------------------------------------------
     0 | D:1      | cforsyth the Formicid Fighter began the quest for the Orb.
     0 | D:1      | Reached XP level 1. HP: 18/18 MP: 1/1
   106 | D:1      | Reached XP level 2. HP: 24/24 MP: 2/2
   252 | D:1      | Reached XP level 3. HP: 27/30 MP: 3/3
   282 | D:1      | Reached skill level 3 in Maces & Flails
   717 | D:2      | Noticed Terence
   723 | D:2      | Killed Terence
   724 | D:2      | Reached XP level 4. HP: 36/37 MP: 4/4
  1046 | D:2      | Reached skill level 4 in Maces & Flails
  1151 | D:2      | Reached XP level 5. HP: 24/42 MP: 5/5
  1721 | D:3      | Identified the +2 robe of Wume {Rampage}
  1881 | D:3      | You fall into a shaft and drop 3 floors!
  1967 | D:6      | Noticed an ice beast
  1972 | D:6      | Killed an ice beast
  1973 | D:6      | Reached skill level 5 in Maces & Flails
  1973 | D:6      | Reached XP level 6. HP: 41/50 MP: 6/6
  2001 | D:6      | Reached skill level 5 in Fighting
  2033 | D:6      | Reached XP level 7. HP: 28/56 MP: 7/7
  2039 | D:6      | Reached skill level 6 in Maces & Flails
  2368 | D:5      | Entered Level 5 of the Dungeon
  2395 | D:4      | Noticed Grinder
  2418 | D:4      | Mangled by a wight

Illustrated notes

Levels and vault maps discovered:
D:1:      amcnicky_arrival_flooded_fountain, layout_basic, item_on_display_a
D:2:      cheibrodos_helix_gallery, layout_basic, kennysheep_generic_room_11,
          uniq_terence
D:3:      layout_basic, serial_glass, glass_columns_c, glass_columns_a,
          glass_columns_b, glass_columns_a
D:4:      layout_basic, uniq_grinder, uniq_pikel
D:5:      layout_cave_pools, serial_shops,
          nicolae_shop_competitors_out_of_business
D:6:      layout_basic, nicolae_benzene_ring, nicolae_underground_beach

Skill      XL: |  1  2  3  4  5  6  7 |
---------------+----------------------+-----
Maces & Flails | 3 4 5 6 |  6.3
Fighting       | 4 5 |  5.6
Armour         | |  3.2
Shields        | |  4.0

Action                     |  1- 3 |  4- 6 |  7- 9 || total
---------------------------+-------+-------+-------++-------
  Melee: Flail             |    86 |   116 |    47 ||   249
    Use: Potion            |       |     1 |     2 ||     3
 Armour: Scale mail        |    33 |    52 |    19 ||   104
  Dodge: Dodged            |    38 |    62 |    13 ||   113
  Block: Buckler           |    19 |    24 |    17 ||    60

Table legend: (Time is in decaauts)
 A = Elapsed time spent in this place.
 B = Non-inter-level travel time spent in this place.
 C = Inter-level travel time spent in this place.
 D = Time resting spent in this place.
 E = Time spent auto-exploring this place.
 F = Levels seen in this place.
 G = Mean time per level.
                   A        B        C        D        E       F      G
               +--------+--------+--------+--------+--------+-----+--------+
         Total |   2471 |   2376 |     95 |    150 |   1572 |   6 |  411.8 |
       Dungeon |   2471 |   2376 |     95 |    150 |   1572 |   6 |  411.8 |
               +--------+--------+--------+--------+--------+-----+--------+

Top non-repeatable levels by time:
     D:2: 941 daAuts
     D:1: 705 daAuts
     D:6: 492 daAuts
     D:3: 280 daAuts
     D:4: 43 daAuts
     D:5: 7 daAuts
